 Dungeon Crawl Stone Soup version 0.28.0-43-g3370ac3207 (webtiles) character file.

Game seed: 2375356337596633919

30 Cykl0x the Digger (level 3, -1/19 HPs)
             Began as a Gargoyle Earth Elementalist on Mar 1, 2022.
             Slain by a ball python (2 damage)
             ... on level 2 of the Dungeon.
             The game lasted 00:02:26 (1015 turns).

Cykl0x the Digger (Gargoyle Earth Elementalist)     Turns: 1015, Time: 00:02:26

Health: -1/19      AC:  5    Str: 11    XL:     3   Next: 20%
Magic:  1/6        EV: 12    Int: 17    God:
Gold:   26         SH:  0    Dex: 10    Spells: 2/6 levels left

rFire   . . .      SeeInvis .   g - +1 short sword (speed)
rCold   . . .      Faith    .   (no shield)
rNeg    + . .      Spirit   .   b - +0 robe
rPois   ∞          Reflect  .   (no helmet)
rElec   +          Harm     .   (no cloak)
rCorr   .          Rampage  .   (no gloves)
Will    .....                   (no boots)
Stlth   ++........              (no amulet)
HPRegen 0.06/turn               (no ring)
MPRegen 0.10/turn               (no ring)

@: flying
A: sickness immunity, AC +3, negative energy resistance 1, electricity
resistance, torment resistance 1, petrification resistance
a: no special abilities


You were on level 2 of the Dungeon.
You visited 1 branch of the dungeon, and saw 2 of its levels.

You collected 26 gold pieces.

Inventory:

Hand Weapons
 f - a +0 dagger
 g - a +1 short sword of speed (weapon)
Missiles
 c - 46 stones
Armour
 a - a +0 ring mail
 b - a +0 robe (worn)
 d - a +0 leather armour
 k - a +0 scale mail
Potions
 e - a potion of cancellation


   Skills:
 + Level 1.7 Dodging
 - Level 2.1 Stealth
 + Level 2.2 Spellcasting
 * Level 1.4 Conjurations
 - Level 0.7 Transmutations
 + Level 4.3 Earth Magic


You had 2 spell levels left.
You knew the following spells:

 Your Spells              Type           Power      Damage    Failure   Level
a - Sandblast             Erth           32%        2d9       3%          1
b - Stone Arrow           Conj/Erth      22%        3d8       17%         3

Your spell library contained the following spells:

 Spells                   Type           Power      Damage    Failure   Level
 Passwall                 Tmut/Erth      8%         N/A       10%         2
 Call Canine Familiar     Summ           1%         N/A       50%         3
 Portal Projectile        Hex/Tloc       2%         N/A       50%         3
 Petrify                  Tmut/Erth      10%        N/A       54%         4
 Leda's Liquefaction      Hex/Erth       4%         N/A       61%         4


Dungeon Overview and Level Annotations

Branches:
Dungeon (2/15)

Altars:

Annotations:
D:2 Sigmund


Innate Abilities, Weirdness & Mutations

You are immune to sickness and miasma.
Your stone body is resilient. (AC +3)
You are immune to poison.
You resist negative energy. (rN+)
You are resistant to electric shocks. (rElec)
You are resistant to unholy torment.
You are immune to petrification.


Message History

Deactivating autopickup; reactivate with Ctrl-A.
The ball python bites you but does no damage.
The ball python grabs you. The ball python constricts you.
The ball python's grasp on you weakens, but your attempt to escape fails.
The ball python bites you. The ball python constricts you.
The ball python barely misses you. The ball python constricts you.
You escape the ball python's grasp.
You hear some strange, mumbled words.
You are confused.
You're too confused to move!
The ball python bites you but does no damage.
The ball python grabs you. The ball python constricts you.
You're too confused to move!
The ball python barely misses you. The ball python constricts you.
Something hits you.
You hit the ball python.
The ball python is heavily wounded.
The ball python barely misses you. The ball python constricts you.
The ball python's grasp on you weakens, but your attempt to escape fails.
Something hits you. The ball python bites you. The ball python constricts you.
You're too confused to move!
The ball python bites you but does no damage.
The ball python constricts you. Something hits you.
* * * LOW HITPOINT WARNING * * *
You escape the ball python's grasp.
You feel less confused. The ball python bites you.
* * * LOW HITPOINT WARNING * * *
The ball python closely misses you.
Casting: Stone Arrow (extremely dangerous; 17% risk of failure)
Confirm with . or Enter, or press ? or * to list all spells.
Aiming: Sandblast (safe; 3% risk of failure)
Press: ? - help, Shift-Dir - straight line, f - ball python
Aim: a ball python (heavily wounded, 77% to hit)
Okay, then.
Okay, then.
You aren't carrying any scrolls.
It was a potion of flight.
You feel very buoyant.
You fly up into the air.
The ball python bites you.
You die...

#.(..###.##..## #.#
#..##....#####.# ##.#..####
#...####### #.#..#
#.........# #####....#
#.........# #........#
####.........# #........#
#...)........#
.##....[...###.##.........#
...........S@.............#
###........###............#
#.........##..#.........#
##....))......##.........#
.......÷.....#.##.........#
...#...##.......###########
###.#.###........#
.##.....##.........##
............†........


You could see a ball python.

Vanquished Creatures
  4 dart slugs (D:1)
  2 endoplasms
  2 hobgoblins (D:1)
  2 ball pythons (D:2)
  A bat (D:1)
  A frilled lizard (D:1)
  3 goblins
  5 kobolds
  3 rats
23 creatures vanquished.

Notes
Turn   | Place    | Note
-------+----------+-------------------------------------------
     0 | D:1      | Cykl0x the Gargoyle Earth Elementalist began the quest for
                  | the Orb.
     0 | D:1      | Reached XP level 1. HP: 10/10 MP: 3/3
   169 | D:1      | Reached XP level 2. HP: 15/15 MP: 1/5
   172 | D:1      | Reached skill level 4 in Earth Magic
   178 | D:1      | Reached skill level 1 in Conjurations
   641 | D:1      | Reached XP level 3. HP: 19/19 MP: 4/6
   645 | D:1      | Learned a level 3 spell: Stone Arrow
   996 | D:2      | Noticed Sigmund
  1015 | D:2      | Slain by a ball python

Illustrated notes

Levels and vault maps discovered:
D:1:      scummos_arrival_hexagon, layout_rooms, hex_intersection
D:2:      layout_rooms, hellmonk_ecumenical_altar_heavens_door, uniq_sigmund

Skill      XL: |  1  2 |
---------------+-------+-----
Earth Magic    | 4 |  4.3
Conjurations   | 1 |  1.4
Dodging        | |  1.7
Stealth        | |  2.1
Spellcasting   | |  2.2
Transmutations | |  0.7

Action                   || total
-------------------------++-------
Melee: Short sword       ||    23
 Cast: Sandblast         ||    17
       Stone Arrow       ||     6
  Use: Scroll            ||     4
       Potion            ||     1
Armor: Robe              ||     9
Dodge: Dodged            ||    12
